 Dungeon Crawl Stone Soup version 0.27-a0-95-g5a9077b8ae (webtiles) character file.

Game seed: 9760825253396393988

2466 timneilson the Covered (level 9, 0/55 HPs)
             Began as a Gargoyle Fighter on Jan 17, 2021.
             Slain by a slime creature (12 damage)
             ... on level 6 of the Dungeon.
             The game lasted 00:11:01 (6746 turns).

timneilson the Covered (Gargoyle Fighter)           Turns: 6746, Time: 00:11:02

Health: 0/55       AC: 15    Str: 23    XL:     9   Next: 50%
Magic:  9/9        EV:  8    Int:  9    God:
Gold:   460        SH: 12    Dex:  9    Spells: 8/8 levels left

rFire    . . .     SeeInvis .   w - +0 scimitar
rCold    . . .     Faith    .   c - +1 kite shield
rNeg     + . .     Spirit   .   b - +0 scale mail
rPois    ∞         Reflect  .   p - +0 hat
rElec    +         Harm     .   o - +0 cloak
rCorr    .         Rampage  .   (no gloves)
Will     .....                  (no boots)
Stlth    ..........             (no amulet)
HPRegen  0.18/turn              (no ring)
MPRegen  0.11/turn              (no ring)

@: no status effects
A: negative energy resistance 1, electricity resistance, unbreathing,
petrification resistance, miasma immunity, AC +6
a: no special abilities


You were on level 6 of the Dungeon.
You visited 2 branches of the dungeon, and saw 7 of its levels.

You collected 460 gold pieces.

Inventory:

Hand Weapons
 a - a +1 long sword
 w - a +0 scimitar (weapon)
Armour
 b - a +0 scale mail (worn)
 c - a +1 kite shield (worn)
 o - a +0 cloak (worn)
 p - a +0 hat (worn)
 x - a +0 plate armour
Wands
 g - a wand of flame (29)
 u - a wand of digging (2)
Scrolls
 f - 4 scrolls of remove curse
 j - 2 scrolls of blinking
 n - 6 scrolls of teleportation
 q - a scroll of enchant armour
 s - a scroll of fog {unknown}
 t - a scroll of amnesia
 v - 2 scrolls of magic mapping
Potions
 d - 2 potions of might
 e - 2 potions of brilliance
 h - 2 potions of attraction
 i - a potion of berserk rage
 k - a potion of cancellation
 l - a potion of flight {unknown}
 m - a potion of lignification {unknown}
 r - 2 potions of heal wounds {unknown}
 z - 2 potions of curing
 A - a potion of mutation {unknown}


   Skills:
 + Level 5.9 Fighting
 * Level 6.0 Long Blades
 * Level 7.8 Armour
 * Level 7.7 Shields
 + Level 3.1 Evocations


You had 8 spell levels left.
You didn't know any spells.
Your spell library was empty.

Dungeon Overview and Level Annotations

Branches:
Dungeon (6/15)             Temple (1/1) D:4

Altars:
Ashenzari
Cheibriados
Dithmenos
Elyvilon
Fedhas
Gozag
Hepliaklqana
Kikubaaqudgha
Makhleb
Nemelex Xobeh
Qazlal
Ru
Sif Muna
Trog
Wu Jian
Xom
Yredelemnul
Zin
The Shining One


Innate Abilities, Weirdness & Mutations

You are resistant to torment.
Your stone body is resilient. (AC +6)
You are immune to poison.
You resist negative energy. (rN+)
You are resistant to electric shocks. (rElec)
You can survive without breathing.
You are immune to petrification.
You are immune to miasma.


Message History

The slime creature is heavily wounded.
The slime creature hits you but does no damage. x2
The slime creature hits you!
You barely miss the slime creature.
The slime creature is heavily wounded.
You block the slime creature's attack.
The slime creature hits you but does no damage.
The slime creature hits you! The slime creature hits you.
You barely miss the slime creature.
The slime creature is moderately wounded.
The slime creature barely misses you.
The slime creature jiggles.
The slime creature hits you. The slime creature barely misses you.
The slime creature hits you but does no damage.
You slash the slime creature!
The slime creature is heavily wounded.
The slime creature hits you!
* * * LOW HITPOINT WARNING * * *
The slime creature hits you!
You die...

...................##..##
##......................##
###########...........<.#
####### #######.......##
#.....÷############..###..#
#....÷JJ##......###.......##
#......#J#.......##....##..#
#....J.#J#.....J..'........#
#......#.#.....J@.'........#
#......#J#.#...J..'....>..##
#...÷..#.#.#.....##.))...##
#.÷÷...#.#J#....####.)...#
#$..÷..##.#########......#
##########..(...##
############<...#....#..#
..#..#..........#..####..#
..........................#


You could see 3 slime creatures.

Vanquished Creatures
  Pikel (D:5)
  Menkaure (D:5)
  A water moccasin (D:6)
  A sky beast (D:6)
  2 ice beasts (D:6)
  A phantom (D:4)
  A centaur (D:6)
  5 big kobolds (D:6)
  2 bullfrogs
  3 wights (D:6)
  3 jellies (D:6)
  A bullfrog zombie (D:6)
  3 orc priests
  A hound (D:6)
  2 orc wizards
  Ijyb (D:4)
  2 iguanas (D:6)
  4 worker ants
  A hound zombie (D:6)
  A hound skeleton (D:4)
  6 adders
  4 white imps
  5 oozes
  An adder skeleton (D:5)
  A worm (D:3)
  3 dart slugs
  5 leopard geckos
  17 orcs
  10 bats
  3 giant cockroaches
  11 goblins
  5 hobgoblins
  4 jackals
  9 kobolds
  A quokka (D:6)
  3 frilled lizards
  2 rats
127 creatures vanquished.

Vanquished Creatures (others)
  An orc (D:4)
  A ball python (D:4)
  7 fungi (D:6)
  8 toadstools (D:6)
17 creatures vanquished.

Grand Total: 144 creatures vanquished

Notes
Turn   | Place    | Note
-------+----------+-------------------------------------------
     0 | D:1      | timneilson the Gargoyle Fighter began the quest for the
                  | Orb.
     0 | D:1      | Reached XP level 1. HP: 14/14 MP: 1/1
   188 | D:1      | Reached XP level 2. HP: 19/19 MP: 2/2
   723 | D:1      | Reached XP level 3. HP: 23/23 MP: 3/3
  1311 | D:2      | Reached XP level 4. HP: 29/29 MP: 4/4
  2574 | D:4      | Noticed Ijyb
  2627 | D:4      | Found a staircase to the Ecumenical Temple.
  2627 | D:4      | Noticed a bullfrog
  2636 | D:4      | Killed a bullfrog
  2637 | D:4      | Reached XP level 5. HP: 15/33 MP: 5/5
  2657 | Temple   | Entered the Ecumenical Temple
  3021 | D:4      | Found an ornate altar of the Wu Jian Council.
  3042 | D:4      | Reached XP level 6. HP: 36/38 MP: 6/6
  3049 | D:4      | Found a sparkling altar of Nemelex Xobeh.
  3188 | D:4      | Killed Ijyb
  3447 | D:4      | Found a stormy altar of Qazlal.
  3591 | D:4      | Found an ancient bone altar of Kikubaaqudgha.
  3661 | D:4      | Reached skill level 5 in Shields
  3742 | D:4      | Noticed a phantom
  3769 | D:4      | Killed a phantom
  3770 | D:4      | Reached skill level 5 in Armour
  4067 | D:5      | Entered Level 5 of the Dungeon
  4068 | D:5      | Noticed Menkaure
  4074 | D:5      | Killed Menkaure
  4075 | D:5      | Reached XP level 7. HP: 27/44 MP: 7/7
  4105 | D:4      | Reached skill level 1 in Evocations
  4322 | D:5      | Noticed Pikel
  4355 | D:5      | Killed Pikel
  4356 | D:5      | Reached XP level 8. HP: 36/48 MP: 8/8
  4897 | D:5      | Reached skill level 5 in Fighting
  5487 | D:6      | Reached skill level 5 in Long Blades
  5610 | D:6      | Noticed a slime creature
  5610 | D:6      | Noticed a slime creature
  5774 | D:6      | Reached XP level 9. HP: 47/54 MP: 9/9
  6459 | D:6      | Found a sacrificial altar of Ru.
  6746 | D:6      | Slain by a slime creature

Illustrated notes

Levels and vault maps discovered:
D:1:      dpeg_arrival_shelter, layout_loops_ring, hangedman_decor_lopped
D:2:      layout_basic
D:3:      layout_loops_corners, kennysheep_pointless_box
D:4:      layout_cave_pools, lemuel_coloured_pillars_altar,
          nicolae_overflow_crystal_walls, nicolae_overflow_hidden_temple,
          temple_statues, kennysheep_donut, uniq_ijyb
D:5:      layout_cave_pods, grunt_ministairs_15, st_stairs_12, uniq_pikel,
          uniq_menkaure
D:6:      cheibrodos_fertilizer, layout_cave_pools, hangedman_ru_absence,
          minivault_14, dk_noncrumbling_2
Temple:   eino_narrow_crystal_temple

Skill      XL: |  1  2  3  4  5  6  7  8  9 |
---------------+----------------------------+-----
Long Blades    | 2 3 4 5 6 |  6.0
Shields        | 4 5 6 7 |  7.7
Armour         | 4 5 6 7 |  7.8
Fighting       | 4 5 |  5.9
Evocations     | 1 2 3 |  3.1

Action                   |  1- 3 |  4- 6 |  7- 9 || total
-------------------------+-------+-------+-------++-------
Melee: Long sword        |   111 |   158 |    97 ||   366
       Scimitar          |       |       |   237 ||   237
  Use: Scroll            |     6 |     5 |     5 ||    16
       Potion            |       |     4 |       ||     4
Armor: Scale mail        |    61 |    91 |   187 ||   339
Dodge: Dodged            |    29 |    62 |   108 ||   199
Block: Kite shield       |    59 |   112 |   233 ||   404
       Rpst.: Long sword |     5 |    16 |     9 ||    30
       Scimitar          |       |       |    22 ||    22

Table legend: (Time is in decaauts)
 A = Elapsed time spent in this place.
 B = Non-inter-level travel time spent in this place.
 C = Inter-level travel time spent in this place.
 D = Time resting spent in this place.
 E = Time spent auto-exploring this place.
 F = Levels seen in this place.
 G = Mean time per level.
                   A        B        C        D        E       F      G
               +--------+--------+--------+--------+--------+-----+--------+
         Total |   6906 |   6701 |    205 |    158 |   5035 |   7 |  986.6 |
       Dungeon |   6544 |   6350 |    194 |    158 |   4686 |   6 | 1090.7 |
        Temple |    361 |    350 |     11 |      0 |    349 |   1 |  361.0 |
               +--------+--------+--------+--------+--------+-----+--------+

Top non-repeatable levels by time:
     D:6: 1600 daAuts
     D:4: 1335 daAuts
     D:3: 971 daAuts
     D:5: 928 daAuts
     D:1: 875 daAuts
     D:2: 833 daAuts
  Temple: 361 daAuts
